 Dungeon Crawl Stone Soup version 0.28.0-53-g5a82cb258f (webtiles) character file.

Game seed: 4250086735974930909

448435 EWolf27 the Slayer (level 24, 0/171 HPs)
             Began as a Gargoyle Earth Elementalist on Aug 4, 2022.
             Was the Champion of the Shining One.
             Killed from afar by a frost giant (28 damage)
             ... with a bolt of cold
             ... on level 5 of the Vaults on Aug 15, 2022.
             The game lasted 07:00:24 (83751 turns).

EWolf27 the Slayer (Gargoyle Earth Elementalist)   Turns: 83751, Time: 07:00:25

Health: 0/171      AC: 52    Str: 31    XL:     24   Next: 24%
Magic:  21/49      EV:  7    Int: 31    God:    the Shining One [******]
Gold:   1360       SH: 23    Dex: 17    Spells: 29/67 levels left

rFire   + . .      SeeInvis .   a - +12 flail of the Endless Expanse {elec, Stlth+}
rCold   . . .      Faith    .   W - +5 kite shield
rNeg    + + +      Spirit   .   A - +4 crystal plate armour of Negation {Str+7}
rPois   ∞          Reflect  +   o - +1 helmet of the Lich-sworn {rC- Regen+ Str+8 Int+4}
rElec   +          Harm     .   Q - +1 cloak of the Shining Light {rC+ Regen+}
rCorr   .          Rampage  .   I - +2 pair of gloves
Will    +....                   r - +2 pair of boots
Stlth   ..........              m - amulet of Seufepan {Reflect rF+ SH+5}
HPRegen 1.98/turn               D - ring of wizardry
MPRegen 0.31/turn               N - ring of Jiacheg {Drain Int+3 Dex+7 Slay+4}

@: about to teleport, flying, glowing, studying Armour
A: sickness immunity, AC +18, big wings, negative energy resistance 1,
electricity resistance, torment resistance 1, petrification resistance
}: 2/15 runes: barnacled, gossamer
a: Renounce Religion, Divine Shield, Cleansing Flame, Summon Divine Warrior,
Brand Weapon With Holy Wrath


You were on level 5 of the Vaults.
You worshipped the Shining One.
The Shining One was exalted by your worship.
You visited 9 branches of the dungeon, and saw 41 of its levels.
You visited 1 bazaar.
You also visited: Sewer, Bailey, Gauntlet and Ice Cave.

You collected 6165 gold pieces.
You spent 4805 gold pieces at shops.

Inventory:

Hand Weapons
 a - the +12 flail of the Endless Expanse (weapon) {elec, Stlth+}
   (You found it on level 2 of the Lair of Beasts)

   It occasionally discharges a powerful burst of electricity upon striking a
   foe.
   Stlth:     It makes you more stealthy.
Missiles
 c - 1190 stones
 i - 18 javelins (quivered)
Armour
 o - the +1 helmet of the Lich-sworn (worn) {rC- Regen+ Str+8 Int+4}
   (You found it in a bailey)

   Str:       It affects your strength (+8).
   Int:       It affects your intelligence (+4).
   rC:        It makes you vulnerable to cold.
   Regen:     It increases your rate of health regeneration.
 q - a +2 robe of willpower
 r - a +2 pair of boots (worn)
 y - the +3 troll leather armour of Disaster {rF++ Regen+ Int+2 Dex+4}
   (You found it on level 4 of the Shoals)

   Int:       It affects your intelligence (+2).
   Dex:       It affects your dexterity (+4).
   rF:        It greatly protects you from fire.
   Regen:     It increases your rate of health regeneration.
 A - the +4 crystal plate armour of Negation (worn) {Str+7}
   (You acquired it on level 4 of the Lair of Beasts)

   Str:       It affects your strength (+7).
 H - the +3 leather armour of the Pirate {rC+}
   (You bought it in a shop on level 4 of the Dungeon)

   rC:        It protects you from cold.
 I - a +2 pair of gloves (worn)
 Q - the +1 cloak of the Shining Light (worn) {rC+ Regen+}
   (You found it on level 3 of the Elven Halls)

   rC:        It protects you from cold.
   Regen:     It increases your rate of health regeneration.
 V - a scarf of resistance
 W - a +5 kite shield (worn)
Magical Staves
 b - a staff of earth
Jewellery
 m - the amulet of Seufepan (around neck) {Reflect rF+ SH+5}
   (You bought it in a shop on level 4 of the Dungeon)

   [amulet of reflection]

   It reflects blocked missile attacks.
   rF:        It protects you from fire.
   SH:        It affects your SH (+5).
 p - a ring of resist corrosion
 D - a ring of wizardry (left hand)
 J - a ring of protection from cold
 N - the ring of Jiacheg (right hand) {Drain Int+3 Dex+7 Slay+4}
   (You found it in a Gauntlet)

   [ring of slaying]

   Int:       It affects your intelligence (+3).
   Dex:       It affects your dexterity (+7).
   Slay:      It affects your accuracy & damage with ranged weapons and melee
   (+4).
   Drain:     It drains your maximum health when unequipped.
Wands
 k - a wand of acid (25)
 s - a wand of polymorph (34)
 F - a wand of iceblast (37)
 K - a wand of flame (39)
 R - a wand of paralysis (11)
 S - a wand of digging (17)
Scrolls
 d - 6 scrolls of amnesia
 f - 7 scrolls of fog
 v - 3 scrolls of immolation
 x - 4 scrolls of summoning
 C - 12 scrolls of teleportation
 E - 6 scrolls of fear
 G - 5 scrolls of magic mapping
 L - 2 scrolls of enchant armour
 M - a scroll of silence
 U - 3 scrolls of enchant weapon
Potions
 e - 6 potions of haste
 g - 5 potions of lignification
 j - 6 potions of ambrosia
 l - 10 potions of resistance
 n - 5 potions of might
 t - a potion of berserk rage
 u - 4 potions of magic
 w - 5 potions of mutation
 z - 17 potions of curing
 P - 4 potions of brilliance
Miscellaneous
 T - a tin of tremorstones (2/2)


   Skills:
 - Level 23.0 Fighting
 - Level 0.1 Long Blades
 - Level 0.1(8.2) Axes
 - Level 14.0 Maces & Flails
 - Level 0.1(0.2) Polearms
 - Level 0.4(9.0) Staves
 - Level 0.3 Bows
 - Level 0.3 Crossbows
 - Level 0.5 Throwing
 - Level 7.6 Armour
 - Level 4.4 Dodging
 - Level 2.5 Stealth
 - Level 12.5 Shields
 + Level 22.2 Spellcasting
 - Level 14.0 Conjurations
 - Level 4.1 Transmutations
 + Level 22.4 Earth Magic
 - Level 12.0 Invocations
 - Level 0.3 Evocations


You had 29 spell levels left.
You knew the following spells:

 Your Spells              Type           Power      Damage    Failure   Level
a - Sandblast             Erth           100%       2d20      0%          1
b - Stone Arrow           Conj/Erth      100%       3d13      1%          3
c - Petrify               Tmut/Erth      86%        N/A       1%          4
d - Lehudib's Crystal Sp  Conj/Erth      49%        10d12     58%         8
e - Iron Shot             Conj/Erth      49%        9d9       1%          6
f - Lee's Rapid Deconstr  Erth           53%        3d26*     1%          5
g - Blink                 Tloc           68%        N/A       30%         2
h - Shatter               Erth           53%        3d40*     89%         9

Your spell library contained the following spells:

 Spells                   Type           Power      Damage    Failure   Level
 Magic Dart               Conj           100%       1d8       1%          1
 Passwall                 Tmut/Erth      71%        N/A       1%          2
 Searing Ray              Conj           100%       2d8       1%          2
 Iskenderun's Battlesphe  Conj           88%        2d14      1%          5
 Animate Armour           Summ/Erth      100%       N/A       2%          4
 Dazzling Flash           Conj/Hex       100%       N/A       3%          3
 Beastly Appendage        Tmut           100%       N/A       4%          1
 Wereblood                Tmut           57%        N/A       6%          2
 Mephitic Cloud           Conj/Pois/Air  59%        N/A       9%          3
 Flame Wave               Conj/Fire      67%        2d12      12%         4
 Fulminant Prism          Conj/Hex       33%        3d16      12%         4
 Hailstorm                Conj/Ice       67%        3d14      12%         4
 Iskenderun's Mystic Bla  Conj/Tloc      67%        2d14      12%         4
 Animate Skeleton         Necr           68%        N/A       21%         1
 Apportation              Tloc           68%        N/A       21%         1
 Freeze                   Ice            100%       1d11      21%         1
 Pain                     Necr           100%       1d9       21%         1
 Slow                     Hex            100%       N/A       21%         1
 Summon Small Mammal      Summ           100%       N/A       21%         1
 Spider Form              Tmut/Pois      47%        N/A       26%         3
 Corpse Rot               Necr/Air       68%        N/A       30%         2
 Poisonous Vapours        Pois/Air       68%        N/A       30%         2
 Ignite Poison            Fire/Tmut/Pois 43%        N/A       32%         3
 Fireball                 Conj/Fire      33%        3d14      32%         5
 Orb of Destruction       Conj           44%        9d12      47%         7
 Call Canine Familiar     Summ           34%        N/A       50%         3
 Confusing Touch          Hex            34%        N/A       50%         3
 Frozen Ramparts          Ice            68%        1d8       50%         3
 Gell's Gravitas          Tloc           34%        N/A       50%         3
 Lesser Beckoning         Tloc           34%        N/A       50%         3
 Ozocubu's Armour         Ice            34%        N/A       50%         3
 Teleport Other           Tloc           34%        N/A       50%         3
 Vampiric Draining        Necr           34%        2d8       50%         3
 Freezing Cloud           Conj/Ice/Air   29%        6-21      61%         5
 Blade Hands              Tmut           28%        N/A       69%         5
 Conjure Ball Lightning   Conj/Air       33%        3x3d11    85%         6
 Starburst                Conj/Fire      33%        6d10      85%         6
 Animate Dead             Necr           17%        N/A       87%         4
 Olgreb's Toxic Radiance  Pois           34%        N/A       87%         4
 Passage of Golubria      Tloc           34%        N/A       87%         4
 Agony                    Necr           34%        N/A       99%         5
 Excruciating Wounds      Necr           17%        N/A       99%         5
 Metabolic Englaciation   Hex/Ice        17%        N/A       99%         5
 Silence                  Hex/Air        17%        N/A       99%         5
 Summon Forest            Summ/Tloc      17%        N/A       99%         5
 Summon Mana Viper        Hex/Summ       34%        N/A       99%         5
 Simulacrum               Ice/Necr       17%        N/A       100%        6
 Summon Cactus Giant      Summ           17%        N/A       100%        6
 Haunt                    Necr/Summ      17%        N/A       100%        7
 Ozocubu's Refrigeration  Ice            17%        4d8       100%        7
 Ignition                 Fire           17%        3d7       100%        8
 Infestation              Necr           17%        N/A       100%        8
 Polar Vortex             Ice            17%        N/A       100%        9
 Statue Form              Tmut/Erth      Unusable   N/A       N/A         6

Dungeon Overview and Level Annotations

Branches:
Dungeon (15/15)            Temple (1/1) D:4            Lair (6/6) D:9
 Shoals (4/4) Lair:4       Spider (4/4) Lair:4        Slime (0/5) Lair:5
    Orc (2/2) D:11            Elf (3/3) Orc:2        Vaults (5/5) D:14
  Crypt (1/3) Vaults:3     Depths (0/4) D:15          Sewer (visited)
 Bailey (visited)           IceCv (visited)         Gauntlet (visited)

Altars:
Ashenzari
Cheibriados
Dithmenos
Elyvilon
Fedhas
Gozag
Hepliaklqana
Kikubaaqudgha
Makhleb
Nemelex Xobeh
Okawaru
Qazlal
Ru
Sif Muna
Trog
Uskayaw
Vehumet
Wu Jian
Xom
Yredelemnul
Zin
The Shining One
Beogh
Jiyva
Lugonu

Shops:
D:4 :[(=*   D:10 (   D:11 !   D:12 [   Orc:1 (   Orc:2 ?**!   Elf:1 *!
Elf:2 :   Elf:3 :   Shoals:4 :   Vaults:4 *

Portals:
Abyss: Lair:6
Trove: Vaults:2 (give 2 scrolls of acquirement)

Annotations:
D:8 stash NW corner
D:15 exclusion: obsidian statue
Vaults:4 3 runed translucent doors, Mucus's ghost, adept MiBe


Innate Abilities, Weirdness & Mutations

You are immune to sickness and miasma.
Your stone body is resilient. (AC +18)
You are immune to poison.
Your large and strong wings let you fly.
You resist negative energy. (rN+)
You are resistant to electric shocks. (rElec)
You are resistant to unholy torment.
You are immune to petrification.


Message History

Lightning courses through the stone giant!
You kill the stone giant!
The frost giant points at you and mumbles some strange words.
The bolt of cold hits you!!!
* * * LOW HITPOINT WARNING * * *
You feel much better. You block the vault warden's attack.
Your magical effects are unravelling.
You feel magically purged.
You are no longer corroded.
You block the vault warden's attack. You block the frost giant's attack.
An orc comes into view. It is wielding a +0 flail of draining.
Found 33 gold pieces.
Found 12 bolts.
The orc shouts!
You sock the vault warden!
Lightning courses through the vault warden!!
The vault warden is moderately wounded.
The vault warden hits you with a +2 war axe.
* * * LOW HITPOINT WARNING * * *
You hit the vault warden.
Lightning courses through the vault warden!
The vault warden is heavily wounded.
You block the vault warden's attack.
You sock the vault warden!
Lightning courses through the vault warden!
The vault warden is severely wounded.
You sock the vault warden!
The vault warden is severely wounded.
The vault warden hits you with a +2 war axe!!
* * * LOW HITPOINT WARNING * * *
You bludgeon the vault warden!!
The vault warden is almost dead.
You block the vault warden's attack.
As you read the scroll of teleportation, it crumbles to dust.
You feel strangely unstable. You block the vault warden's attack.
You bludgeon the vault warden!!
You kill the vault warden!
The frost giant points at you and mumbles some strange words.
The bolt of cold hits you!!
You die...

####### #### .. ..
#..##.. #..# .p#
..##..##..##..## #..
#..##..##..##.. #
..##..##..##..##.)
#[ #..##..##..##..##
#!##..##..##..##..##
#.@##..##..##..##C)
#.)##(.##.C##..##.)
#$##CC##.C##..##..##
#( #Cp##..##..##..#
##..##o.##.:##φ.##..
#.. #..##.)##..# ..
#[##..##..##..##..
#. #.. ..# ..# .. #
..## #.. #..


You could see a frost giant, a vault warden, an ettin and an orc.

Vanquished Creatures
  Sojobo (Vaults:3)
  Boris (Vaults:3)
  Bai Suzhen (Spider:4)
  Frederick (Crypt:1)
  A golden dragon (Vaults:4)
  Nikola (Spider:4)
  Jory (Crypt:1)
  Arachne (Spider:3)
  Mlioglotl (Spider:1)
  The ghost of Onoul the Warrior, an adept DDBe of Trog (Spider:2)
  A lich (Vaults:5)
  3 deep elf blademasters
  5 titans
  2 deep elf master archers (Elf:3)
  Gastronok (D:11)
  The ghost of duchin the Grappler, an adept TrFi of Qazlal (Shoals:1)
  3 sphinxes
  9 tengu reavers
  Donald (Spider:1)
  2 revenants
  3 shadow dragons
  2 frost giants
  4 emperor scorpions
  3 fire giants
  7 deep elf sorcerers
  13 vault wardens
  Aizul (Vaults:3)
  5 ghost moths
  5 deep elf elementalists
  A curse skull (Crypt:1)
  12 ghouls
  7 broodmothers
  4 very ugly things (Vaults:4)
  2 war gargoyles (Vaults:5)
  20 ironbound preservers
  3 ironbound thunderhulks
  4 stone giants
  A vampire knight (Crypt:1)
  8 entropy weavers
  4 deep elf demonologists
  9 dire elephants
  A minotaur (Gauntlet)
  The ghost of brob1 the Fighter, a journeyman MiBe of Trog (D:13)
  4 deep elf annihilators (Elf:3)
  5 spark wasps
  5 eidola
  5 ettins
  3 merfolk javelineers (Shoals:4)
  9 deep elf death magi
  2 crystal guardians (Vaults:4)
  5 jiangshi (Crypt:1)
  8 merfolk impalers
  8 yaktaur captains
  4 deep elf high priests
  A great orb of eyes (Vaults:3)
  Harold (D:10)
  38 vault guards
  2 jorogumos
  8 boulder beetles
  10 ironbound frosthearts
  7 ogre magi
  26 two-headed ogres
  Erica (D:11)
  A radroach (Spider:1)
  2 catoblepae
  12 hydras
  20 centaur warriors
  2 peacekeepers (Vaults:4)
  4 alligator snapping turtles
  3 death knights
  6 merfolk aquamancers
  28 dancing weapons
  4 merfolk avatars
  2 satyrs
  8 death scarabs
  A deep troll earth mage (Vaults:4)
  3 vampire magi (Crypt:1)
  A death yak (Lair:5)
  2 thrashing horrors (Lair:6)
  Sonja (Lair:6)
  22 deep elf knights
  2 sun moths (Spider:4)
  9 pharaoh ants
  7 skeletal warriors
  55 deep trolls
  8 steelbarb worms
  A glowing orange brain (shapeshifter) (Gauntlet)
  12 orb spiders
  3 shadow wraiths (Vaults:4)
  A flayed ghost (Vaults:4)
  14 ironbound convokers
  10 wizards
  16 lindwurms
  12 sea snakes
  12 deep elf archers
  A spectral jorogumo (Spider:4)
  10 phantasmal warriors
  34 deep elf zephyrmancers
  23 harpies
  30 deep elf pyromancers
  5 orc knights
  A sphinx zombie (Crypt:1)
  3 fauns (Shoals:3)
  2 spectral wolf spiders (Spider:4)
  A wolf spider zombie (D:15)
  4 necromancers
  31 ugly things
  An oklob plant (Shoals:1)
  2 orc sorcerers
  18 wolf spiders
  5 large abominations (Lair:6)
  4 moths of wrath
  15 manticores
  A human zombie (Vaults:3)
  10 cyclopes
  2 smoke demons (Lair:6)
  An ice statue (IceCv)
  20 elephants
  2 centaur zombies
  24 vault sentinels
  2 human skeletons (Vaults:3)
  Maurice (D:8)
  Joseph (D:7)
  7 black mambas
  A guardian serpent (shapeshifter) (Lair:6)
  6 water nymphs
  2 merfolk sirens
  A black mamba (shapeshifter) (Gauntlet)
  A gargoyle (D:11)
  11 cane toads
  4 torpor snails
  3 molten gargoyles (Elf:1)
  3 rime drakes
  Maggie (D:7)
  A black draconian zombie (Crypt:1)
  3 centaur skeletons (D:15)
  3 freezing wraiths
  A kobold demonologist (D:14)
  2 spectral redbacks (Spider:4)
  6 demonic crawlers
  10 komodo dragons
  2 ancient zymes (Lair:6)
  18 yaktaurs
  16 meliai
  9 polar bears
  A queen bee (shapeshifter) (D:15)
  5 trolls
  36 merfolk
  3 spectral culicivoras (Spider:4)
  A wolf spider simulacrum (D:15)
  2 burning bushes (Lair:6)
  8 wind drakes
  2 spectral jumping spiders (Spider:4)
  24 tarantellas
  A hornet (D:9)
  5 spectral tarantellas (Spider:4)
  25 blink frogs
  2 blink frogs (shapeshifter)
  46 slime creatures
  4 dream sheep (Shoals:1)
  A meliai zombie (D:10)
  15 snapping turtles
  A jumping spider zombie (Spider:4)
  21 jumping spiders
  5 shadows
  9 water elementals
  2 vampires
  5 wraiths (Crypt:1)
  20 culicivoras
  An air elemental (Elf:3)
  A yak (shapeshifter) (D:14)
  2 wyverns
  85 yaks
  5 basilisks
  3 fire elementals (Elf:1)
  A hog (shapeshifter) (D:14)
  2 ynoxinuls (Lair:6)
  41 redbacks
  2 steam dragons
  Grum (D:10)
  Menkaure (D:7)
  3 vampire mosquitoes (D:15)
  A warg (Vaults:4)
  Duvessa (D:5)
  The ghost of kwasso the Chopper, an amateur VSFi of Uskayaw (D:3)
  18 water moccasins
  2 ice beasts
  A swamp dragon zombie (Crypt:1)
  17 orc warriors
  5 black bears
  33 ogres
  A necrophage (D:7)
  6 boggarts
  29 wolves
  28 centaurs
  2 phantoms
  5 kobold brigands
  9 small abominations (Lair:6)
  10 bullfrogs
  6 scorpions
  3 earth elementals
  Dowan (D:5)
  2 human simulacra (Vaults:3)
  9 wights
  9 electric eels
  A howler monkey (D:6)
  2 bullfrog zombies
  9 hounds
  12 orc priests
  A jelly (D:4)
  2 bullfrog skeletons
  An iguana (D:6)
  18 orc wizards
  4 hell rats (Lair:4)
  A killer bee zombie (D:8)
  A sky beast zombie (Crypt:1)
  A hound zombie (D:5)
  A hound skeleton (D:4)
  2 howler monkey zombies
  3 gnolls (D:2)
  7 adders
  12 white imps (Lair:3)
  5 worms
  An adder skeleton (D:4)
  2 dart slugs
  53 orcs
  8 endoplasms
  5 giant cockroaches
  10 goblins
  6 hobgoblins
  A quokka (D:1)
  10 ball pythons
  5 bats
  7 frilled lizards
  48 kobolds
  An orc skeleton (Crypt:1)
  2 orc zombies (Crypt:1)
  6 rats
1798 creatures vanquished.

Vanquished Creatures (collateral kills)
  A sphinx (Vaults:3)
  A tengu reaver (Vaults:5)
  An orc warlord (Vaults:3)
  2 ironbound preservers (Vaults:3)
  An ettin (Vaults:5)
  A yaktaur captain (Vaults:3)
  A great orb of eyes (Vaults:3)
  A vault guard (Vaults:3)
  3 deep trolls (Vaults:3)
  A lindwurm (Vaults:3)
  An ironbound convoker (Vaults:3)
  An ugly thing (Vaults:3)
  A vault sentinel (Vaults:3)
  3 yaktaurs (Vaults:3)
  A tarantella (shapeshifter) (Vaults:3)
  An orc (Vaults:5)
21 creatures vanquished.

Vanquished Creatures (others)
  Asterion (Elf:2)
  A deep elf knight (Elf:2)
  A phantasmal warrior (Vaults:5)
  A deep elf archer (D:14)
  An ironbound convoker (Vaults:5)
  A deep elf pyromancer (Elf:2)
  A deep elf zephyrmancer (Elf:1)
  A molten gargoyle (Elf:1)
  A polar bear (IceCv)
  A culicivora (Spider:4)
  An air elemental (Elf:2)
  A sky beast (D:7)
  2 orc wizards
  An orc (Vaults:5)
  15 fungi
  147 plants
177 creatures vanquished.

Grand Total: 1996 creatures vanquished

Notes
Turn   | Place    | Note
-------+----------+-------------------------------------------
     0 | D:1      | EWolf27 the Gargoyle Earth Elementalist began the quest for
                  | the Orb.
     0 | D:1      | Reached XP level 1. HP: 10/10 MP: 3/3
   240 | D:1      | Reached XP level 2. HP: 15/15 MP: 5/5
  1352 | D:2      | Reached XP level 3. HP: 17/19 MP: 3/6
  1501 | D:2      | Learned a level 3 spell: Stone Arrow
  1518 | D:2      | Reached XP level 4. HP: 22/24 MP: 1/8
  1903 | D:2      | Reached skill level 1 in Conjurations
  1903 | D:2      | Reached skill level 5 in Earth Magic
  3089 | D:3      | Found a glowing drain.
  3099 | Sewer    | Entered a sewer
  3344 | Sewer    | Noticed a kobold brigand
  3351 | Sewer    | Killed a kobold brigand
  3352 | Sewer    | Reached skill level 1 in Maces & Flails
  3352 | Sewer    | Reached XP level 5. HP: 24/28 MP: 1/9
  4100 | D:3      | Found a faded altar of an unknown god.
  4333 | D:3      | Noticed kwasso's ghost (amateur VSFi)
  4387 | D:3      | Found a transporter.
  4390 | D:3      | Found a transporter.
  4422 | D:3      | Reached XP level 6. HP: 27/32 MP: 7/10
  5603 | D:4      | Found Fatejyt's Weapon Shoppe.
  6028 | D:4      | Found Ygof's General Store.
  6057 | D:4      | Reached skill level 1 in Fighting
  6472 | D:4      | Noticed a black bear
  6480 | D:4      | Killed a black bear
  6481 | D:4      | Reached XP level 7. HP: 37/38 MP: 5/13
  6540 | D:4      | Found Wueckikh's Jewellery Shop.
  6546 | D:4      | Found Medureb's Antique Armour Shoppe.
  6555 | D:4      | Found Ulykkeir's Book Shop.
  6648 | D:4      | Found a staircase to the Ecumenical Temple.
  6680 | Temple   | Entered the Ecumenical Temple
  6827 | Temple   | Became a worshipper of the Shining One
  7224 | D:5      | Entered Level 5 of the Dungeon
  7245 | D:5      | Reached skill level 1 in Shields
  7486 | D:5      | Identified the +8 quarterstaff "Attau" {freeze, Fly Str-4
                  | Int+2}
  7981 | D:5      | Noticed Duvessa
  7983 | D:5      | Noticed Dowan
  8090 | D:5      | Killed Duvessa
  8091 | D:5      | Reached XP level 8. HP: 43/43 MP: 2/15
  8216 | D:5      | Killed Dowan
  8331 | D:5      | Reached skill level 5 in Spellcasting
  8702 | D:5      | Found a sparkling altar of Nemelex Xobeh.
  8702 | D:5      | Found a broken altar of Ashenzari.
  8702 | D:5      | Found a shimmering blue altar of Sif Muna.
  8838 | D:5      | Reached skill level 1 in Armour
  9930 | D:6      | Found a bloodstained altar of Trog.
  9930 | D:6      | Reached * piety under the Shining One
  9940 | D:6      | Reached skill level 5 in Conjurations
  9940 | D:6      | Reached XP level 9. HP: 47/47 MP: 11/17
 10595 | D:4      | Bought an encrusted leather armour for 231 gold pieces
 10595 | D:4      | Identified the +3 leather armour of the Pirate {rC+} (You
                  | bought it in a shop on level 4 of the Dungeon)
 10955 | D:7      | Noticed Maggie
 10957 | D:7      | Noticed Joseph
 10964 | D:7      | Killed Maggie
 11002 | D:7      | Killed Joseph
 11269 | D:7      | Learned a level 4 spell: Petrify
 11671 | D:7      | Reached skill level 5 in Armour
 11851 | D:7      | Noticed Menkaure
 11865 | D:7      | Killed Menkaure
 12013 | D:7      | Reached XP level 10. HP: 52/52 MP: 7/20
 12279 | D:8      | Found a flagged portal.
 12280 | D:8      | You fall into a shaft and drop 1 floor!
 12280 | D:9      | Reached ** piety under the Shining One
 12280 | D:9      | Found a staircase to the Lair.
 12287 | D:9      | Reached skill level 10 in Earth Magic
 12294 | D:9      | Noticed a two-headed ogre
 12299 | D:9      | Killed a two-headed ogre
 12640 | D:8      | Noticed Maurice
 12644 | D:8      | Killed Maurice
 12696 | Bailey   | Entered a bailey
 12922 | Bailey   | Found a large runed translucent door.
 12922 | Bailey   | Found a large runed translucent door.
 12922 | Bailey   | Noticed an orc knight
 12923 | Bailey   | Noticed a deep elf zephyrmancer
 13000 | Bailey   | Killed an orc knight
 13303 | Bailey   | Killed a deep elf zephyrmancer
 13304 | Bailey   | Reached skill level 1 in Invocations
 13383 | Bailey   | Identified the +1 helmet of the Lich-sworn {rC- Regen+
                  | Str+8 Int+4}
 13552 | D:8      | Reached XP level 11. HP: 56/56 MP: 16/23
 14008 | D:8      | Noticed a two-headed ogre
 14013 | D:8      | Killed a two-headed ogre
 15499 | D:9      | Learned a level 8 spell: Lehudib's Crystal Spear
 15519 | D:9      | Reached skill level 2 in Fighting
 16070 | D:10     | Entered Level 10 of the Dungeon
 16070 | D:10     | Noticed a cyclops
 16076 | D:10     | Killed a cyclops
 16077 | D:10     | Reached skill level 1 in Transmutations
 16264 | D:4      | Bought a scroll of immolation for 35 gold pieces
 16264 | D:4      | Bought a scroll of blinking for 75 gold pieces
 16745 | D:10     | Found Elisishra's Weapon Shop.
 16775 | D:10     | Reached skill level 5 in Maces & Flails
 16783 | D:10     | Noticed Harold
 16807 | D:10     | Killed Harold
 16808 | D:10     | Reached skill level 3 in Fighting
 17344 | D:10     | Noticed Grum
 17365 | D:10     | Killed Grum
 17637 | D:11     | Noticed a boulder beetle
 17661 | D:11     | Killed a boulder beetle
 17829 | D:11     | Noticed Gastronok
 17838 | D:11     | Killed Gastronok
 17839 | D:11     | Reached skill level 4 in Fighting
 17839 | D:11     | Reached XP level 12. HP: 45/67 MP: 3/24
 18017 | D:11     | Reached *** piety under the Shining One
 18109 | D:11     | Reached skill level 5 in Invocations
 18522 | D:11     | Noticed a five-headed hydra
 18533 | D:11     | Killed a five-headed hydra
 18534 | D:11     | Reached skill level 5 in Fighting
 18779 | D:11     | Found Tif Jos's Distillery.
 18785 | D:11     | Bought a potion of heal wounds for 85 gold pieces
 18785 | D:11     | Bought a potion of heal wounds for 85 gold pieces
 18791 | D:11     | Noticed Erica
 18808 | D:11     | Killed Erica
 19319 | D:11     | Found a staircase to the Orcish Mines.
 19403 | Orc:1    | Entered Level 1 of the Orcish Mines
 19501 | Orc:2    | Entered Level 2 of the Orcish Mines
 19872 | Orc:2    | Noticed a two-headed ogre
 19872 | Orc:2    | Noticed a two-headed ogre
 19872 | Orc:2    | Noticed a two-headed ogre
 19872 | Orc:2    | Noticed a two-headed ogre
 19900 | Orc:2    | Killed a two-headed ogre
 19906 | Orc:1    | Killed a two-headed ogre
 20131 | D:12     | Identified a scroll of acquirement
 20132 | D:12     | Acquired a book of Iron
 20143 | D:12     | Learned a level 6 spell: Iron Shot
 20318 | D:12     | Found a gate leading to a gauntlet.
 20336 | Gauntlet | Entered a Gauntlet
 20336 | Gauntlet | Found a transporter.
 20346 | Gauntlet | Found a transporter.
 20351 | Gauntlet | Found a runed translucent door.
 20351 | Gauntlet | Found a runed translucent door.
 20356 | Gauntlet | Found a transporter.
 20359 | Gauntlet | Found a transporter.
 20369 | Gauntlet | Found a transporter.
 20384 | Gauntlet | Found a transporter.
 20388 | Gauntlet | Noticed a jorogumo
 20389 | Gauntlet | Noticed a boulder beetle
 20389 | Gauntlet | a jorogumo changed into a boulder beetle
 20392 | Gauntlet | Noticed an eight-headed hydra
 20392 | Gauntlet | a boulder beetle changed into an eight-headed hydra
 20392 | Gauntlet | Noticed a wretched star
 20393 | Gauntlet | Reached **** piety under the Shining One
 20394 | Gauntlet | Found a transporter.
 20394 | Gauntlet | Noticed an entropy weaver
 20394 | Gauntlet | an eight-headed hydra changed into an entropy weaver
 20398 | Gauntlet | an entropy weaver changed into a goliath frog
 20399 | Gauntlet | Found a transporter.
 20400 | Gauntlet | Found a transporter.
 20409 | Gauntlet | Found a transporter.
 20412 | Gauntlet | Found a transporter.
 20416 | Gauntlet | Found a transporter.
 20442 | Gauntlet | Noticed a two-headed ogre
 20442 | Gauntlet | an orb spider changed into a two-headed ogre
 20443 | Gauntlet | Noticed a death scarab
 20443 | Gauntlet | Noticed a death scarab
 20445 | Gauntlet | Found a runed translucent gate.
 20446 | Gauntlet | Found a transporter.
 20446 | Gauntlet | Found a runed translucent gate.
 20447 | Gauntlet | Found a runed translucent gate.
 20460 | Gauntlet | Found a transporter.
 20571 | Gauntlet | Identified the ring of Jiacheg {Drain Int+3 Dex+7 Slay+4}
 20609 | Gauntlet | Reached skill level 6 in Fighting
 20848 | Gauntlet | Identified the +9 hand axe "Widowmaker" {drain, *Noise
                  | rElec rPois}
 20848 | Gauntlet | Noticed a minotaur
 20856 | Gauntlet | Killed a minotaur
 21048 | Gauntlet | Got Ydghoughu's Compendium of Fire and the Glacier
 21424 | D:3      | Killed kwasso's ghost
 22322 | D:12     | Reached XP level 13. HP: 65/76 MP: 25/25
 22419 | D:12     | Found Sir Bey's Armour Shoppe.
 22740 | D:12     | Reached skill level 7 in Fighting
 23687 | D:4      | Bought the amulet of Seufepan {Reflect rF+ SH+5} for 616
                  | gold pieces
 23806 | Lair:1   | Entered Level 1 of the Lair of Beasts
 25541 | Lair:2   | Reached skill level 10 in Maces & Flails
 25874 | Lair:2   | Identified the +12 flail of the Endless Expanse {elec,
                  | Stlth+}
 26742 | D:4      | Bought a warped leather armour for 231 gold pieces
 26742 | D:4      | Identified the +1 leather armour of Wu Jian's Indignation
                  | {rPois} (You bought it in a shop on level 4 of the Dungeon)
 26984 | Lair:3   | Reached skill level 8 in Fighting
 27022 | Lair:3   | Found a frozen archway.
 27033 | Lair:3   | Reached ***** piety under the Shining One
 27056 | IceCv    | Entered an ice cave
 27158 | IceCv    | Reached skill level 10 in Conjurations
 27173 | IceCv    | Gained mutation: Your large and strong wings let you fly.
                  | [Gargoyle growth]
 27173 | IceCv    | Reached XP level 14. HP: 84/84 MP: 26/26
 27526 | IceCv    | Noticed a frost giant
 27599 | IceCv    | Killed a frost giant
 28488 | Lair:3   | Reached skill level 9 in Fighting
 29162 | Lair:4   | Found a staircase to the Shoals.
 29174 | Shoals:1 | Entered Level 1 of the Shoals
 29304 | Lair:4   | Learned a level 5 spell: Lee's Rapid Deconstruction
 29495 | Lair:4   | Found a hole to the Spider Nest.
 29872 | Lair:4   | Acquired the +4 crystal plate armour of Negation {Str+7}
 29993 | Lair:5   | Found a staircase to the Slime Pits.
 29993 | Lair:5   | Found a viscous altar of Jiyva.
 31508 | Lair:6   | Entered Level 6 of the Lair of Beasts
 32082 | Lair:6   | Reached XP level 15. HP: 91/91 MP: 27/27
 32366 | Lair:6   | Noticed Sonja
 32367 | Lair:6   | Killed Sonja
 32688 | Lair:6   | Reached skill level 5 in Shields
 32688 | Lair:6   | Reached skill level 15 in Earth Magic
 32813 | Lair:6   | Reached ****** piety under the Shining One
 33277 | Lair:6   | Found a corrupted altar of Lugonu.
 33277 | Lair:6   | Found a one-way gate to the infinite horrors of the Abyss.
 33956 | Orc:2    | Found Atohakk's Magic Scroll Emporium.
 33956 | Orc:2    | Found Dihusel's Assorted Antiques.
 33957 | Orc:2    | Found Ypsyjam's General Store.
 33957 | Orc:2    | Found Muaschec's Distillery.
 34096 | Orc:2    | Bought a potion of heal wounds for 60 gold pieces
 34098 | Orc:2    | Bought a scroll of teleportation for 48 gold pieces
 34098 | Orc:2    | Bought a scroll of teleportation for 48 gold pieces
 34289 | Orc:2    | Found a staircase to the Elven Halls.
 34340 | Orc:1    | Paralysed by an orc sorcerer for 6 turns
 34417 | Orc:1    | Found Onagoepn's Weapon Emporium.
 34609 | Orc:1    | Reached XP level 16. HP: 96/96 MP: 20/29
 35535 | D:13     | Identified the +1 fire dragon scales "Jugeleg" {rElec rF++
                  | rC- Will+ Dex-5}
 35789 | D:13     | Found a runed translucent gate.
 35790 | D:13     | Found a runed translucent gate.
 35790 | D:13     | Noticed brob1's ghost (journeyman MiBe)
 35791 | D:13     | Found a runed translucent gate.
 37135 | D:14     | Reached skill level 10 in Fighting
 37140 | D:14     | Found a gate to the Vaults.
 37823 | D:15     | Entered Level 15 of the Dungeon
 38179 | D:15     | Reached skill level 10 in Shields
 38215 | D:15     | Reached skill level 10 in Spellcasting
 38215 | D:15     | Found a staircase to the Depths.
 38924 | D:15     | Found a broken altar of Ashenzari.
 39450 | D:15     | Reached skill level 11 in Fighting
 39876 | Spider:1 | Entered Level 1 of the Spider Nest
 40077 | Spider:1 | Noticed Mlioglotl
 40089 | Spider:1 | Killed Mlioglotl
 40373 | Spider:1 | Noticed Donald
 40390 | Spider:1 | Killed Donald
 40904 | Spider:1 | Reached XP level 17. HP: 84/104 MP: 31/31
 42686 | Spider:1 | Reached skill level 12 in Fighting
 45194 | Spider:2 | Found a runed translucent gate.
 45194 | Spider:2 | Found a runed translucent gate.
 45194 | Spider:2 | Found a runed translucent gate.
 45195 | Spider:2 | Noticed Onoul's ghost (adept DDBe)
 45485 | Spider:2 | Reached skill level 10 in Invocations
 47440 | Spider:2 | Killed Onoul's ghost
 47566 | Spider:2 | Identified the +1 pair of boots of the Lobster {Harm rF+}
 47692 | Spider:3 | Reached skill level 13 in Fighting
 49374 | Spider:4 | Entered Level 4 of the Spider Nest
 50241 | Spider:4 | Noticed Arachne
 50249 | Spider:3 | Reached XP level 18. HP: 92/114 MP: 14/34
 50837 | Spider:3 | Killed Arachne
 53425 | Spider:4 | Noticed Nikola
 53461 | Spider:4 | Killed Nikola
 54261 | Spider:4 | Noticed Bai Suzhen
 54281 | Spider:4 | Killed Bai Suzhen
 54332 | Spider:4 | Reached skill level 14 in Fighting
 54579 | Spider:4 | Got a gossamer rune of Zot
 55051 | Elf:1    | Entered Level 1 of the Elven Halls
 55419 | Elf:1    | Found Uqen's Assorted Antiques.
 56336 | Elf:1    | Found Ynnyka's Distillery.
 57012 | Elf:1    | Reached XP level 19. HP: 117/122 MP: 36/36
 57425 | Elf:2    | Found Dogethry's Book Emporium.
 58393 | Elf:2    | Identified the ring "Berag" {Slay+2 SInv}
 58714 | Elf:2    | Reached skill level 15 in Fighting
 58867 | Elf:2    | Found a runed translucent gate.
 58867 | Elf:2    | Found a runed translucent gate.
 58872 | Elf:2    | Found a runed translucent gate.
 59579 | Elf:2    | Noticed Asterion
 59609 | Elf:2    | Killed Asterion
 60560 | Shoals:1 | Found a transporter.
 60573 | Shoals:1 | Found a transporter.
 60577 | Shoals:1 | Noticed duchin's ghost (adept TrFi)
 61228 | Shoals:1 | Found an opulent altar of Gozag.
 62319 | Shoals:2 | Identified the +5 chain mail of Insurance {Fly rElec Str-4
                  | Stlth-}
 62425 | Shoals:2 | Reached XP level 20. HP: 106/129 MP: 38/38
 62826 | Shoals:2 | Reached skill level 15 in Spellcasting
 62943 | Shoals:3 | Found a flickering gateway to a bazaar.
 62949 | Bazaar   | Entered a bazaar
 62953 | Bazaar   | Found Qilehy's Antique Weapon Boutique.
 62961 | Bazaar   | Found Hecw's General Store.
 62973 | Bazaar   | Found Paj Wadd's Magic Scroll Emporium.
 62988 | Bazaar   | Found Zenaurentu's Jewellery Shop.
 63002 | Bazaar   | Found Juept's Antique Armour Shop.
 63010 | Bazaar   | Bought a dyed leather armour for 150 gold pieces
 63010 | Bazaar   | Bought a runed robe for 111 gold pieces
 63055 | Bazaar   | Bought a scroll of magic mapping for 42 gold pieces
 63055 | Bazaar   | Bought a scroll of teleportation for 36 gold pieces
 63135 | Shoals:2 | Got Vipun Inuro's Papyrus of the Compass and the Arsonist
 63139 | Shoals:2 | Learned a level 2 spell: Blink
 64457 | Shoals:3 | Identified the +5 short sword "Jioskuff" {vorpal, +Blink
                  | rElec rF- Stlth+}
 64501 | Shoals:4 | Entered Level 4 of the Shoals
 64680 | Shoals:4 | Found Rozorch's Self-Improvement Boutique.
 65126 | Shoals:4 | Bought a manual of Fighting for 1200 gold pieces
 65126 | Shoals:4 | Bought a manual of Spellcasting for 1200 gold pieces
 65317 | Shoals:4 | Got a barnacled rune of Zot
 65758 | Shoals:4 | Reached skill level 16 in Fighting
 66446 | Shoals:4 | Identified the +3 troll leather armour of Disaster {rF++
                  | Regen+ Int+2 Dex+4}
 67205 | D:13     | Killed brob1's ghost
 67323 | Vaults:1 | Entered Level 1 of the Vaults
 67997 | Vaults:1 | Reached skill level 17 in Fighting
 68801 | Vaults:1 | Reached XP level 21. HP: 120/140 MP: 41/41
 68814 | Vaults:1 | Reached skill level 18 in Fighting
 68866 | Vaults:1 | Identified the +6 scale mail "Harghuih" {rF+ Int+4}
 70575 | Vaults:2 | Reached skill level 19 in Fighting
 71508 | Vaults:3 | Reached skill level 20 in Fighting
 71703 | Vaults:2 | Found a portal to a secret trove of treasure.
 73001 | Vaults:3 | Reached skill level 21 in Fighting
 73081 | Vaults:3 | Noticed Sojobo
 73413 | Vaults:3 | Paralysed by an air elemental for 1 turns
 73417 | Vaults:3 | Paralysed by an air elemental for 1 turns
 73421 | Vaults:3 | Paralysed by an air elemental for 1 turns
 73429 | Vaults:3 | Killed Sojobo
 73431 | Vaults:3 | Reached XP level 22. HP: 80/155 MP: 33/45
 73944 | Vaults:3 | Noticed Boris
 74040 | Vaults:3 | Killed Boris
 74315 | Vaults:3 | Noticed Aizul
 74321 | Vaults:3 | Killed Aizul
 74515 | Vaults:3 | Found a staircase to the Crypt.
 75414 | Vaults:4 | Found a runed translucent gate.
 75414 | Vaults:4 | Found a runed translucent gate.
 75414 | Vaults:4 | Found a runed translucent gate.
 75427 | Vaults:4 | Noticed Mucus's ghost (adept MiBe)
 75642 | Vaults:4 | Found Damojich's General Store.
 76556 | Vaults:4 | Reached skill level 22 in Fighting
 77122 | Vaults:5 | Entered Level 5 of the Vaults
 77122 | Vaults:5 | Found the amulet of the Air {Inacc Air Fly rElec RMsl}
 77847 | Elf:3    | Entered Level 3 of the Elven Halls
 77852 | Elf:2    | Bought the Tome of the Rocks for 552 gold pieces
 77862 | Elf:2    | Learned a level 9 spell: Shatter
 78046 | Elf:3    | Identified the +1 cloak of the Shining Light {rC+ Regen+}
 78088 | Elf:3    | Found Arphomas's Book Emporium.
 78778 | Elf:3    | Reached XP level 23. HP: 164/164 MP: 42/47
 79091 | Elf:3    | Identified the +2 morningstar "Jego" {speed, rF+ Will+
                  | SInv}
 79460 | Elf:3    | Identified the ring "Genifi Jutz" {Ice Int+5}
 79483 | Elf:3    | Got the Incunabulum of the Creative Snowflakes
 79494 | Elf:3    | Identified the +4 battleaxe "Nosch" {elec, *Noise Str+5
                  | Dex+4 Stlth+}
 79502 | Elf:3    | Identified the +1 rapier of Ylehy {vorpal, *Noise rPois
                  | Int+6 Dex+4}
 79504 | Elf:3    | Identified the +4 arbalest "Impslayer" {penet, Drain rCorr
                  | Str+5 Dex+4}
 79513 | Elf:3    | Identified the +4 scythe "Meozatev" {vorpal, rC++ Will+
                  | Stlth+}
 80223 | Shoals:1 | Killed duchin's ghost
 80243 | Shoals:1 | Reached skill level 23 in Fighting
 80346 | Shoals:1 | Identified the +0 helmet of Muttered Phrases {Str+4 Int-4
                  | Dex+3}
 80672 | Crypt:1  | Entered Level 1 of the Crypt
 80886 | Crypt:1  | Noticed Frederick
 80899 | Crypt:1  | Killed Frederick
 81178 | Crypt:1  | Noticed Jory
 81201 | Crypt:1  | Killed Jory
 82309 | Vaults:5 | Noticed a golden dragon
 82963 | Vaults:5 | Identified the +4 dire flail of the Bruised Leylines {elec,
                  | +Blink rC+}
 83157 | Vaults:4 | Reached XP level 24. HP: 60/171 MP: 12/48
 83697 | Vaults:5 | HP: 6/171 [tengu reaver/+2 great sword (13)]
 83739 | Vaults:5 | HP: 7/171 [frost giant/bolt of cold (40)]
 83751 | Vaults:5 | Killed from afar by a frost giant

Illustrated notes

Levels and vault maps discovered:
D:1:      minmay_arrival_diagonal_passages, layout_basic
D:2:      layout_basic
D:3:      layout_loops_ring, cheibrodos_sewer_entry_bend,
          hellmonk_ecumenical_altar_prayer_group, gammafunk_ghost_arena,
          minmay_misc_feat_columns, nicolae_elevator_lobby_plus
D:4:      layout_cave_pools, minmay_temple_entry_junction, serial_shops,
          kennysheep_mini, nicolae_shop_window_shopping, nicolae_shop_trees,
          shop, nicolae_shop_stone
D:5:      layout_rooms, gammafunk_temple_overflow_claw, uniq_duvessa
D:6:      hellmonk_warped_wall, layout_loops_ring, trog_ov_bears_minmay,
          hellmonk_bongcloud_opening
D:7:      layout_loops_cross, uniq_maggie, uniq_menkaure, uniq_joseph
D:8:      kennysheep_kobold_camp, layout_basic, enter_bailey_6,
          palyth_stone_intersect, uniq_maurice
D:9:      layout_basic, erik_lair_island
D:10:     layout_basic, serial_shops, shop, kennysheep_generic_room_13,
          uniq_harold, uniq_grum
D:11:     layout_loops_ring, minmay_orc_entry_temple_small, serial_shops,
          kennysheep_mini_moat, uniq_gastronok, uniq_erica
D:12:     layout_roguey, gauntlet_entry_generic, serial_shops,
          nicolae_stop_n_shop_2, small_chamber_with_monster
D:13:     layout_basic, gammafunk_ghost_hydra_chop
D:14:     layout_irregular_city, hangedman_vaults_entry_quadrant_bands,
          dk_noncrumbling_3, grunt_tough_drop
D:15:     grunt_enter_depths_magical_seal, layout_gridville,
          evilmike_ruin_ashenzari, minmay_misc_feat_roman, minivault_15,
          serial_bayou_pond_a, grunt_decor_arrowhead
Temple:   mainiacjoe_temple_coin_purse
Lair:1:   layout_roguey, eino_small_chamber_without_monster, grunt_megastairs_1,
          serial_bayou_shore_b, infiniplex_staircase_pool_2,
          serial_bayou_shore_a
Lair:2:   layout_loops_ring, chequers_serial_rivers_large_b
Lair:3:   layout_cave_pods, portal_ice_cave_entry_imps
Lair:4:   layout_big_grid, elwin_shoals_entry_rooms,
          nicolae_spider_entry_non_spiders, grunt_megastairs_5
Lair:5:   layout_layer_cave, slime_altar_1, nicolae_lair_yak_garden
Lair:6:   hellmonk_lair_end_abyssal_woods, layout_hall_layers, evilmike_ambush
          [evilmike_ambush_outer_corners, evilmike_ambush_inner_basic],
          grunt_megastairs_2, uniq_sonja
Shoals:1: layout_shoals, gammafunk_ghost_berserking_beasts,
          nicolae_shoals_stone_sculpture_thing, lemuel_oklob_altar
Shoals:2: layout_shoals, hangedman_shoals_cup_caves
Shoals:3: layout_shoals, serial_shops, bzr_entry_safe
Shoals:4: shoals_end_simple, layout_shoals, nicolae_shoals_land_atoll,
          nicolae_shop_self_help
Spider:1: nicolae_spider_hilbert_zone_3 [nicolae_spider_hilbert_4_sides_2_open,
          nicolae_spider_hilbert_3_sides_1_open,
          nicolae_spider_hilbert_3_sides_1_open,
          nicolae_spider_hilbert_3_sides_1_open,
          nicolae_spider_hilbert_3_sides_1_open,
          nicolae_spider_hilbert_4_sides_1_open,
          nicolae_spider_hilbert_4_sides_1_open,
          nicolae_spider_hilbert_4_sides_1_open,
          nicolae_spider_hilbert_4_sides_1_open,
          nicolae_spider_hilbert_4_sides_1_open,
          nicolae_spider_hilbert_4_sides_1_open,
          nicolae_spider_hilbert_4_sides_1_open,
          nicolae_spider_hilbert_4_sides_1_open,
          nicolae_spider_hilbert_3_sides_1_open,
          nicolae_spider_hilbert_3_sides_1_open,
          nicolae_spider_hilbert_3_sides_1_open,
          nicolae_spider_hilbert_3_sides_1_open], uniq_mlioglotl, uniq_donald
Spider:2: layout_chambers, gammafunk_ghost_tricky_traps
Spider:3: layout_spider_delve
Spider:4: floodkiller_spider_rune_tomb, uniq_arachne, uniq_bai_suzhen,
          uniq_nikola
Orc:1:    layout_caves, serial_shops, nicolae_shop_stone, mines2_lemuel
Orc:2:    st_orc_ogre_mass, layout_caves
Elf:1:    elf_arrival_002, layout_geoelf_octagon, serial_shops, shop,
          nicolae_lakefront_shop, hangedman_elven_crosses_minicolossus,
          drop_trap, minivault_8, grunt_megastairs_3, lemuel_upstairs_altar
Elf:2:    nicolae_elf_blades_splatter_lattice
          [nicolae_vaults_blade_armed_guards], layout_geoelf_diagonals,
          serial_shops, nicolae_stop_n_shop_2, drop_trap, uniq_asterion
Elf:3:    elf_hall_gauntlet_wide, layout_geoelf_castle, serial_shops, shop,
          minmay_misc_feat_diagonals, minivault_19
Vaults:1: hangedman_vaults_river_flow, v_misc_18, ontoclasm_vaults_eye,
          grunt_vaults_bifocal, grunt_vaults_funnel, ontoclasm_vaults_fault,
          v_misc_10, vaults_room_door_ring, layout_vaults_omnigrid
Vaults:2: vaults_dpeg_ring, vaults_room_guarded_vault, v_misc_29,
          vaults_mumra_minichess, nicolae_vaults_little_squares_2,
          vaults_room_large_hall, v_misc_1, v_alt_pattern_4,
          ontoclasm_vaults_idyll, dpeg_vaults_monster_row, vaults_room_hallway,
          v_rooms_3, v_misc_33, nicolae_vaults_little_squares_3,
          layout_vaults_omnibox, enter_trove_5
Vaults:3: nicolae_vaults_triangles, v_misc_1, ontoclasm_vaults_fire_temple,
          v_misc_25, vaults_standard_mumra_lines, minmay_crypt_entry_simple_box,
          vaults_standard_mumra_enter_the_diamond,
          nicolae_vaults_big_angled_halls, v_alt_pattern_6,
          vaults_room_grunt_arrival_ludios, ontoclasm_vaults_idyll,
          ontoclasm_vaults_ring_square, vaults_room_pools,
          grunt_vaults_hallway_short, layout_vaults_ring, uniq_aizul,
          uniq_sojobo, uniq_boris
Vaults:4: gammafunk_ghost_spectres, nicolae_vaults_stairing_the_circle,
          st_lattice, nicolae_vaults_inception_scallops, v_rooms_4, v_misc_17,
          nicolae_vaults_little_squares_2, layout_vaults_chaotic_city,
          serial_shops, nicolae_shop_statue_plus
Vaults:5: serial_shops, uniq_mennas
Crypt:1:  layout_misc_corridors, nicolae_crypt_twisting_catacombs,
          unseen_surprise_small, uniq_frederick, uniq_jory

Skill      XL: |  1  2  3  4  5  6  7  8  9 10 11 12 13 14 15 16 17 18 19 20 21 22 23 24 |
---------------+-------------------------------------------------------------------------+-----
Earth Magic    | 4 5 6 7 8 9 11 12 13 14 16 18 19 20 21 22 | 22.4
Conjurations   | 1 2 3 5 6 8 10 11 12 13 14 | 14.0
Spellcasting   | 3 4 5 6 8 9 10 12 13 14 16 19 20 21 22 | 22.2
Maces & Flails | 1 2 6 8 10 13 14 | 14.0
Fighting       | 1 4 6 8 9 11 13 14 15 17 21 22 23 | 23.0
Shields        | 1 2 3 4 8 10 11 12 | 12.5
Armour         | 2 5 6 7 |  7.6
Invocations    | 1 4 6 8 9 10 12 | 12.0
Transmutations | 2 4 |  4.1
Dodging        | 3 4 |  4.4
Long Blades    | |  0.1
Axes           | |  0.1
Polearms       | |  0.1
Staves         | |  0.4
Bows           | |  0.3
Crossbows      | |  0.3
Throwing       | |  0.5
Stealth        | |  2.5
Evocations     | |  0.3

Action                   |  1- 3 |  4- 6 |  7- 9 | 10-12 | 13-15 | 16-18 | 19-21 | 22-24 || total
-------------------------+-------+-------+-------+-------+-------+-------+-------+-------++-------
Melee: Unarmed           |     2 |       |       |       |       |       |       |       ||     2
       Dagger            |    19 |       |       |       |       |       |       |       ||    19
       Punch             |     1 |       |       |       |       |       |       |       ||     1
       Whip              |       |   177 |   189 |   426 |   185 |       |       |       ||   977
       Flail             |       |       |       |       |   746 |   966 |  1322 |  1029 ||  4063
Throw: Javelin           |       |       |       |       |       |     2 |       |       ||     2
 Cast: Sandblast         |    25 |    50 |    26 |    15 |    14 |     9 |     7 |     2 ||   148
       Stone Arrow       |       |       |    47 |   152 |   123 |   106 |   130 |    35 ||   593
       Iron Shot         |       |       |       |       |    32 |   148 |    53 |    49 ||   282
       Lee's Rapid Decon |       |       |       |       |     5 |    14 |    73 |    49 ||   141
Invok: Divine Shield     |       |       |       |     3 |     1 |       |       |     1 ||     5
       Cleansing Flame   |       |       |       |       |     1 |     1 |       |    29 ||    31
       Summon Divine War |       |       |       |       |       |       |     1 |     2 ||     3
Evoke: Wand              |       |       |     2 |       |       |     6 |     5 |       ||    13
  Use: Scroll            |       |       |     8 |    17 |    12 |     9 |    10 |     9 ||    65
       Potion            |       |       |       |     1 |     2 |     3 |     4 |    10 ||    20
 Stab: Sleeping          |     2 |     4 |       |       |       |       |       |       ||     6
Armor: Robe              |     9 |    79 |    19 |       |       |       |       |       ||   107
       Leather armour    |       |       |    73 |   213 |   348 |   660 |   394 |       ||  1688
       Troll leather arm |       |       |       |       |       |       |   202 |   381 ||   583
       Crystal plate arm |       |       |       |       |       |       |       |   251 ||   251
Dodge: Dodged            |    12 |   118 |   109 |   320 |   391 |   408 |   452 |   321 ||  2131
Block: Buckler           |       |    18 |    39 |   107 |   384 |   261 |       |       ||   809
       Reflection        |       |       |       |       |     6 |    77 |   117 |    48 ||   248
       Kite shield       |       |       |       |       |       |   750 |  1422 |  1407 ||  3579
